 Dungeon Crawl Stone Soup version 0.27-a0-650-g8dd3ea4f36 (webtiles) character file.

Game seed: 9855029147184909301

35 dickylongcocking the Sneak (level 3, -3/33 HPs)
             Began as a Deep Dwarf Delver on Mar 16, 2021.
             Killed from afar by an orc wizard (4 damage)
             ... with a puff of flame
             ... on level 5 of the Dungeon.
             The game lasted 00:00:24 (80 turns).

dickylongcocking the Sneak (Deep Dwarf Delver)        Turns: 80, Time: 00:00:25

Health: -3/33      AC:  3    Str: 16      XL:     3   Next: 17%
Magic:  3/3        EV: 11    Int: 10      God:
Gold:   0          SH:  0    Dex:  8 (14) Spells: 2/2 levels left

rFire    . . .     SeeInvis .   a - +0 hand axe
rCold    . . .     Faith    .   (no shield)
rNeg     . . .     Spirit   .   b - +0 leather armour
rPois    .         Reflect  .   (no helmet)
rElec    .         Harm     .   (no cloak)
rCorr    .         Rampage  .   (no gloves)
Will     .....                  (no boots)
Stlth    +++.......             (no amulet)
HPRegen  0.00/turn              (no ring)
MPRegen  0.08/turn              (no ring)

@: non-regenerating
A: damage resistance, heal wounds, sense surroundings 1, no regeneration
a: Heal Wounds


You were on level 5 of the Dungeon.
You visited 1 branch of the dungeon, and saw 1 of its levels.

Inventory:

Hand Weapons
 a - a +0 hand axe (weapon)
Armour
 b - a +0 leather armour (worn)
Wands
 g - a wand of digging (3)
Scrolls
 c - a scroll of fog
 d - a scroll of magic mapping
 e - a scroll of fear
Potions
 f - a potion of haste


   Skills:
 - Level 2.6 Fighting
 * Level 4.1 Axes
 - Level 2.1 Dodging
 - Level 6.0 Stealth


You had 2 spell levels left.
You didn't know any spells.
Your spell library was empty.

Dungeon Overview and Level Annotations

Branches:
Dungeon (5/15)
 Temple: D:4-7

Altars:


Innate Abilities, Weirdness & Mutations

You are resistant to damage.
You can heal yourself by infusing magical energy.
You passively map a small area around you.
You do not regenerate.


Message History

You hit the orc wizard.
The orc wizard is heavily wounded.
You closely miss the orc. The orc closely misses you.
The orc wizard hits you with a +0 dagger.
Unknown command.
You hit the orc wizard.
The orc wizard is heavily wounded.
You closely miss the orc. The orc closely misses you.
The orc wizard hits you with a +0 dagger.
* * * LOW HITPOINT WARNING * * *
The orc barely misses you.
Unknown command.
You barely miss the orc wizard.
The orc wizard is heavily wounded.
You hit the orc. The orc wizard barely misses you.
The orc hits you with a +0 hand axe!
* * * LOW HITPOINT WARNING * * *
Unknown command.
Okay, then.
You hit the orc wizard but do no damage.
The orc wizard is heavily wounded.
You hit the orc.
You kill the orc!
The orc wizard closely misses you. The orc wizard barely misses you.
Unknown command.
Unknown command.
You barely miss the orc wizard.
The orc wizard is heavily wounded.
The orc wizard hits you with a +0 dagger.
* * * LOW HITPOINT WARNING * * *
Unknown command.
You completely miss the orc wizard.
The orc wizard is heavily wounded.
The orc wizard closely misses you.
Unknown command.
You hit the orc wizard.
The orc wizard is almost dead.
The orc wizard casts a spell at you. The puff of flame hits you.
You die...

* #.....!.#.# ,
#.......#.#
#.......#.#
##.......#.#
#..........#####
,
#...............
#...........# *
* #...........#
* ,
*######†@#..# ,
#o)#..... * ,
##.#*.##.# *,
#####.##.# # *
*#....>.# #* ,
*#.......# * ,
....o....# ,,, ,
* .........# ,
.........#


You could see an orc wizard.

Vanquished Creatures
  A quasit (D:5)
  2 orcs (D:5)
3 creatures vanquished.

Notes
Turn   | Place    | Note
-------+----------+-------------------------------------------
     0 | D:5      | dickylongcocking the Deep Dwarf Delver began the quest for
                  | the Orb.
     0 | D:5      | Reached XP level 1. HP: 20/20 MP: 1/1
     4 | D:5      | Noticed a quasit
    34 | D:5      | Killed a quasit
    35 | D:5      | Reached XP level 2. HP: 21/27 MP: 2/2
    35 | D:5      | Reached XP level 3. HP: 26/33 MP: 3/3
    78 | D:5      | HP: 1/33 [orc wizard/+0 dagger (1)]
    80 | D:5      | Killed from afar by an orc wizard

Illustrated notes

Levels and vault maps discovered:
D:5:      minmay_inner_zag, layout_basic,
          nicolae_dithmenos_through_a_glass_darkly, serial_shops,
          nicolae_shop_stone, small_statue_alley_b

Skill      XL: |  1 |
---------------+----+-----
Axes           | 4 |  4.1
Fighting       | |  2.6
Dodging        | |  2.1
Stealth        | |  6.0

Action                   || total
-------------------------++-------
Melee: Hand axe          ||    41
Armor: Leather armour    ||    40
Dodge: Dodged            ||    71

Table legend: (Time is in decaauts)
 A = Elapsed time spent in this place.
 B = Non-inter-level travel time spent in this place.
 C = Inter-level travel time spent in this place.
 D = Time resting spent in this place.
 E = Time spent auto-exploring this place.
 F = Levels seen in this place.
 G = Mean time per level.
                   A        B        C        D        E       F      G
               +--------+--------+--------+--------+--------+-----+--------+
         Total |     86 |     86 |      0 |     26 |      4 |   1 |   86.0 |
       Dungeon |     86 |     86 |      0 |     26 |      4 |   1 |   86.0 |
               +--------+--------+--------+--------+--------+-----+--------+

Top non-repeatable levels by time:
     D:5: 86 daAuts
